 Dungeon Crawl Stone Soup version 0.27-a0-385-g3208abaabc (webtiles) character file.

Game seed: 13460807932609038389

15 dickylongcocking the Grave Robber (level 2, -12/20 HPs)
             Began as a Mummy Necromancer on Feb 20, 2021.
             Mangled by a gnoll
             ... wielding a +0 flail
              (14 damage)
             ... on level 2 of the Dungeon.
             The game lasted 00:00:50 (1101 turns).

dickylongcocking the Grave Robber (MuNe)            Turns: 1101, Time: 00:00:51

Health: -12/20     AC:  5    Str: 11    XL:     2   Next: 34%
Magic:  4/5        EV: 10    Int: 14    God:
Gold:   72         SH:  0    Dex: 12    Spells: 5/6 levels left

rFire    x . .     SeeInvis .   d - +1 whip (pain)
rCold    + . .     Faith    .   (no shield)
rNeg     + + +     Spirit   .   c - +0 ring mail
rPois    ∞         Reflect  .   (no helmet)
rElec    .         Harm     .   (no cloak)
rCorr    .         Rampage  .   (no gloves)
Will     .....                  (no boots)
Stlth    +.........             (no amulet)
HPRegen  0.06/turn              f - ring of flight
MPRegen  0.09/turn              (no ring)

@: about to teleport
A: no potions, fire vulnerability, cold resistance 1, negative energy resistance
3, torment resistance, unbreathing
a: Evoke Flight


You were on level 2 of the Dungeon.
You visited 1 branch of the dungeon, and saw 2 of its levels.

You collected 72 gold pieces.

Inventory:

Hand Weapons
 d - a +1 whip of pain (weapon)
Armour
 a - a +0 robe
 c - a +0 ring mail (worn)
Jewellery
 f - a ring of flight (left hand)
Scrolls
 e - 2 scrolls of identify
 g - a scroll of random uselessness


   Skills:
 * Level 0.6 Fighting
 * Level 0.4 Maces & Flails
 * Level 0.5 Armour
 - Level 1.5 Dodging
 - Level 1.5 Stealth
 - Level 2.6 Spellcasting
 * Level 4.2 Necromancy


You had 5 spell levels left.
You knew the following spells:

 Your Spells              Type           Power        Failure   Level
a - Pain                  Necr           52%          10%         1

Your spell library contained the following spells:

 Spells                   Type           Power        Failure   Level
 Animate Skeleton         Necr           26%          10%         1
 Vampiric Draining        Necr           6%           28%         3
 Animate Dead             Necr           6%           67%         4
 Agony                    Necr           13%          95%         5


Dungeon Overview and Level Annotations

Branches:
Dungeon (2/15)

Altars:


Innate Abilities, Weirdness & Mutations

You do not drink.
Your flesh is vulnerable to fire.
You are immune to poison.
Your flesh is cold resistant. (rC+)
You are immune to negative energy. (rN+++)
You are immune to unholy pain and torment.
You can survive without breathing.


Message History

The goblin shouts!
You hear a shout!
The goblin wields a +0 hunting sling.
The goblin shoots a stone.
The stone hits you.
You hit the goblin but do no damage.
The goblin writhes in agony.
The goblin is heavily wounded.
The goblin hits you but does no damage.
The goblin shoots a stone.
The stone hits you but does no damage.
Unknown command.
An adder, 4 gnolls and a dart slug come into view.
The gnoll shouts! x3
The kobold hits you.
Found a buckler.
Found a stone staircase leading down.
The gnoll shouts!
The gnoll hits you but does no damage.
The gnoll closely misses you. x2; The gnoll misses you.
As you read the scroll labelled BUIBRURARAGH, it crumbles to dust.
It is a scroll of identify.
g - a scroll of random uselessness The gnoll closely misses you.
The goblin hits you but does no damage. The gnoll hits you but does no damage.
The gnoll hits you with a +0 whip. The gnoll closely misses you.
As you read the scroll labelled WAVALO HATUNY, it crumbles to dust.
You feel strangely unstable.
It was a scroll of teleportation.
The gnoll hits you with a +0 spear. The goblin hits you but does no damage.
The gnoll closely misses you. x2; The gnoll hits you with a +0 flail.
* * * LOW HITPOINT WARNING * * *
Unknown command.
Unknown command.
You can't drink.
Unknown command.
Okay, then.
You hit the goblin.
You kill the goblin!
The gnoll hits you with a +0 spear.
* * * LOW HITPOINT WARNING * * *
The gnoll completely misses you.
The kobold throws a stone.
The stone barely misses you.
The stone closely misses the gnoll.
The stone hits the dart slug.
The gnoll hits you with a +0 flail!
Ouch! That really hurt!
You die...

##########
.........##
#.........##
#..#......[#
..#.......#
#.#.S.....#
#.###<#ggg...#
#...g.K)@gw.#
.......#####.##
...$... #
....... .......
....... .......


You could see 4 gnolls, an adder, a dart slug, a goblin and a kobold.

Vanquished Creatures
  A bat (D:1)
  2 giant cockroaches
  4 goblins
  3 hobgoblins (D:1)
  2 jackals (D:1)
12 creatures vanquished.

Notes
Turn   | Place    | Note
-------+----------+-------------------------------------------
     0 | D:1      | dickylongcocking the Mummy Necromancer began the quest for
                  | the Orb.
     0 | D:1      | Reached XP level 1. HP: 13/13 MP: 4/4
   255 | D:1      | Reached XP level 2. HP: 14/20 MP: 3/5
  1101 | D:2      | Mangled by a gnoll

Illustrated notes

Levels and vault maps discovered:
D:1:      giann_horns, layout_basic
D:2:      layout_loops_cross, uniq_terence

Action                   || total
-------------------------++-------
Melee: Whip              ||    28
 Cast: Pain              ||     8
  Use: Scroll            ||     2
Armor: Ring mail         ||    23
Dodge: Dodged            ||    28

Table legend: (Time is in decaauts)
 A = Elapsed time spent in this place.
 B = Non-inter-level travel time spent in this place.
 C = Inter-level travel time spent in this place.
 D = Time resting spent in this place.
 E = Time spent auto-exploring this place.
 F = Levels seen in this place.
 G = Mean time per level.
                   A        B        C        D        E       F      G
               +--------+--------+--------+--------+--------+-----+--------+
         Total |   1102 |    948 |    154 |    128 |    718 |   2 |  551.0 |
       Dungeon |   1102 |    948 |    154 |    128 |    718 |   2 |  551.0 |
               +--------+--------+--------+--------+--------+-----+--------+

Top non-repeatable levels by time:
     D:1: 1088 daAuts
     D:2: 13 daAuts
